 Dungeon Crawl Stone Soup version 0.31-a0-826-ga5cc291a1b (webtiles) character file.

Game seed: 18218813002497004107

669 qw the Skirmisher (level 7, -1/43 HPs)
             Began as a Gargoyle Hunter on Sept 23, 2023.
             Slain by Edmund
             ... wielding a +1 flail of protection
              (6 damage)
             ... on level 5 of the Dungeon.
             The game lasted 00:01:46 (3500 turns).

qw the Skirmisher (Gargoyle Hunter)                 Turns: 3500, Time: 00:01:46

Health: -1/43      AC: 16    Str: 12    XL:     7   Next: 58%
Magic:  7/7        EV: 11    Int: 15    God:
Gold:   35         SH:  0    Dex: 15    Spells: 6/6 levels left

rFire   . . .        Y - +0 shortbow
rCold   . . .        (shield currently unavailable)
rNeg    + . .        c - +0 leather armour
rPois   inf          e - +0 helmet
rElec   +            (no cloak)
rCorr   .            (no gloves)
SInv    .            k - +2 pair of boots
Will    .....        (no amulet)
Stlth   ++           a - ring of the Unbearable God {rPois AC+4 Str-2 Int+5}
HPRegen 0.27/turn    (no ring)
MPRegen 0.10/turn

%: no passive effects
@: no status effects
A: sickness immunity, AC +4, negative energy resistance 1, electricity
resistance, torment resistance 1, petrification resistance
a: no special abilities


You were on level 5 of the Dungeon.
You visited 1 branch of the dungeon, and saw 5 of its levels.

You collected 226 gold pieces.
You spent 191 gold pieces at shops.


Innate Abilities, Weirdness & Mutations

You are immune to sickness and miasma.
Your stone body is resilient. (AC +4)
You are immune to poison.
You resist negative energy. (rN+)
You are resistant to electric shocks. (rElec)
You are resistant to unholy torment.
You are immune to petrification.


   Skills:
 - Level 4.0 Fighting
 - Level 8.2 Ranged Weapons
 - Level 1.5 Armour
 + Level 1.5 Dodging
 - Level 1.1 Stealth


You had 6 spell levels left.
You didn't know any spells.
Your spell library was empty.

Inventory:

Hand Weapons
 Y - a +0 shortbow (weapon)
Armour
 c - a +0 leather armour (worn)
 e - a +0 helmet (worn)
 k - a +2 pair of boots (worn)
Jewellery
 a - the ring of the Unbearable God (left hand) {rPois AC+4 Str-2 Int+5}
   (You found it on level 2 of the Dungeon)

   [ring of protection]

   AC+4:      It affects your AC (+4).
   Str-2:     It affects your strength (-2).
   Int+5:     It affects your intelligence (+5).
   rPois:     It protects you from poison
Scrolls
 g - a scroll of identify
Potions
 b - a potion of might
 f - 2 potions of curing

Dungeon Overview and Level Annotations

Branches:
Dungeon (5/15)
 Temple: D:4-7

Altars:
Hepliaklqana
Kikubaaqudgha
Uskayaw
Wu Jian

Shops:
D:4 *

Annotations:
D:2 1 runed translucent door, Crazy Yiuf
D:5 Edmund


Message History

Edmund is heavily wounded.
Edmund hits you with a +1 flail of protection!
You shoot an arrow. The arrow barely misses Edmund.
Edmund says, "People will remember me!
They'll remember me and die!"
Edmund hits you but does no damage.
You shoot an arrow. The arrow barely misses Edmund.
Edmund hits you but does no damage.
You shoot an arrow. The arrow barely misses Edmund.
Edmund hits you with a +1 flail of protection.
You shoot an arrow. The arrow hits Edmund.
Edmund is heavily wounded.
Edmund barely misses you.
You shoot an arrow. The arrow hits Edmund.
Edmund is heavily wounded.
Edmund misses you.
You shoot an arrow. The arrow hits Edmund.
Edmund is severely wounded.
Edmund hits you with a +1 flail of protection.
You shoot an arrow.
The arrow hits Edmund but does no damage.
Edmund is severely wounded.
Edmund hits you with a +1 flail of protection.
You shoot an arrow. The arrow barely misses Edmund.
Edmund hits you but does no damage.
You shoot an arrow.
The arrow hits Edmund but does no damage.
Edmund is severely wounded.
Edmund barely misses you.
You shoot an arrow. The arrow hits Edmund.
Edmund is severely wounded.
Edmund hits you but does no damage.
You shoot an arrow. The arrow hits Edmund.
Edmund is almost dead.
Edmund barely misses you.
You shoot an arrow.
The arrow hits Edmund but does no damage.
Edmund is almost dead.
Edmund hits you with a +1 flail of protection.
You die...
Edmund says, "That'll show my brother!"

.. .. ### .# #..
#... .####.# ...
..##.# ..# .
#.##.# ..#
....###<#..# ..#
.......)..####..#
....###....@@...##
.. #######....#
#....##
####.#.(.###
...#.>........#
#......@.^.#.##
#..............
#..............
.............#.#


You could see Edmund.

Vanquished Creatures
  An ogre (D:4)
  A phantom (D:5)
  A scorpion (D:4)
  An orc priest (D:3)
  A jelly (D:4)
  A hound (D:4)
  A sleepcap (D:4)
  Jessica (D:2)
  Ijyb (D:3)
  Natasha (thrice) (D:3)
  3 orc wizards
  Robin (D:2)
  An adder (D:2)
  A white imp (D:4)
  An ufetubus (D:4)
  3 worms
  7 dart slugs
  7 orcs
  9 ball pythons
  4 bats
  5 endoplasms
  6 giant cockroaches
  7 goblins
  9 hobgoblins
  A kobold (D:4)
  A quokka (D:2)
  6 frilled lizards
  2 rats
86 creatures vanquished.

Vanquished Creatures (others)
  An orc (D:4)
1 creature vanquished.

Grand Total: 87 creatures vanquished

Notes
Turn   | Place    | Note
-------+----------+-------------------------------------------
     0 | D:1      | qw the Gargoyle Hunter began the quest for the Orb.
     0 | D:1      | Reached XP level 1. HP: 12/12 MP: 1/1
     0 | D:1      | 0 ||| qw: Version: 0.3-a-83-gcd0e7d8
     0 | D:1      | 0 ||| qw: Game counter: 1902
     0 | D:1      | 0 ||| qw: Melee chars always use a shield: true
     0 | D:1      | 0 ||| qw: God list: Okawaru
     0 | D:1      | 0 ||| qw: Allow faded altars: false
     0 | D:1      | 0 ||| qw: Do Orc after clearing Dungeon:15 true
     0 | D:1      | 0 ||| qw: Do second Lair branch before Depths: true
     0 | D:1      | 0 ||| qw: Lair rune preference: random
     0 | D:1      | 0 ||| qw: Goals: Normal
     0 | D:1      | 0 ||| PLANNING D:1-11
   253 | D:1      | Reached XP level 2. HP: 17/17 MP: 2/2
   625 | D:1      | 625 ||| READING scroll labelled FIOZEHO TARIH.
   626 | D:1      | 626 ||| READING scroll labelled QIAMPE NETIESK.
   627 | D:1      | 627 ||| READING scroll labelled IDOCEU ITRILLE.
   628 | D:1      | 628 ||| READING scroll labelled TOSUMU YNEAMIST.
   629 | D:1      | 629 ||| READING scroll labelled ORI ULLUOMEO.
   642 | D:1      | 642 ||| READING scroll labelled TUXAFU AHOJIS.
   645 | D:1      | 645 ||| DROPPING scroll of butterflies.
   702 | D:2      | Reached XP level 3. HP: 18/21 MP: 3/3
   801 | D:2      | Reached skill level 5 in Ranged Weapons
   823 | D:2      | Identified the ring of the Unbearable God {rPois AC+4 Str-2
                  | Int+5}
   861 | D:2      | Noticed Jessica
   874 | D:2      | Killed Jessica
   875 | D:2      | Reached skill level 3 in Fighting
  1008 | D:2      | Reached XP level 4. HP: 28/28 MP: 4/4
  1206 | D:2      | Found a runed translucent door.
  1207 | D:2      | Noticed Crazy Yiuf
  1380 | D:2      | Noticed Robin
  1396 | D:2      | Killed Robin
  1397 | D:2      | 1397 ||| FLEEEEING.
  1398 | D:2      | 1398 ||| FLEEEEING.
  1399 | D:2      | 1399 ||| FLEEEEING.
  1400 | D:2      | 1400 ||| FLEEEEING.
  1401 | D:2      | 1401 ||| FLEEEEING.
  1402 | D:2      | 1402 ||| FLEEEEING.
  1403 | D:2      | 1403 ||| FLEEEEING.
  1404 | D:2      | 1404 ||| FLEEEEING.
  1405 | D:2      | 1405 ||| FLEEEEING.
  1406 | D:2      | 1406 ||| FLEEEEING.
  1407 | D:2      | 1407 ||| FLEEEEING.
  1408 | D:2      | 1408 ||| FLEEEEING.
  1409 | D:2      | 1409 ||| FLEEEEING.
  1410 | D:2      | 1410 ||| FLEEEEING.
  1411 | D:2      | 1411 ||| FLEEEEING.
  1412 | D:2      | 1412 ||| FLEEEEING.
  1413 | D:2      | 1413 ||| FLEEEEING.
  1414 | D:2      | 1414 ||| FLEEEEING.
  1415 | D:2      | 1415 ||| FLEEEEING.
  1416 | D:2      | 1416 ||| FLEEEEING.
  1417 | D:2      | 1417 ||| FLEEEEING.
  1418 | D:2      | 1418 ||| FLEEEEING.
  1419 | D:2      | 1419 ||| FLEEEEING.
  1420 | D:2      | 1420 ||| FLEEEEING.
  1421 | D:2      | 1421 ||| FLEEEEING.
  1422 | D:2      | 1422 ||| FLEEEEING.
  1423 | D:2      | 1423 ||| FLEEEEING.
  1424 | D:2      | 1424 ||| FLEEEEING.
  1425 | D:2      | 1425 ||| FLEEEEING.
  1426 | D:2      | 1426 ||| FLEEEEING.
  1427 | D:2      | 1427 ||| FLEEEEING.
  1428 | D:2      | 1428 ||| STAIRDANCE
  1457 | D:1      | 1457 ||| UPGRADING to +0 pair of boots.
  1462 | D:1      | 1462 ||| UPGRADING to ring of the Unbearable God {rPois
                  | AC+4 Str-2 Int+5}.
  1465 | D:2      | 1465 ||| STAIRDANCE
  1647 | D:2      | 1647 ||| UPGRADING to +0 helmet.
  1693 | D:3      | Noticed Natasha
  1706 | D:3      | Killed Natasha
  1707 | D:3      | Reached skill level 1 in Armour
  1707 | D:3      | Reached XP level 5. HP: 17/32 MP: 5/5
  1935 | D:3      | Found an ancient bone altar of Kikubaaqudgha.
  1936 | D:3      | Noticed Natasha
  1946 | D:3      | Killed Natasha
  1948 | D:3      | Noticed Natasha
  1958 | D:3      | HP: 6/32 [Natasha (5)]
  1959 | D:3      | Killed Natasha
  1960 | D:3      | Reached skill level 6 in Ranged Weapons
  2091 | D:3      | Noticed Ijyb
  2110 | D:3      | Killed Ijyb
  2299 | D:3      | Reached XP level 6. HP: 38/38 MP: 6/6
  2431 | D:3      | Found an ornate altar of the Wu Jian Council.
  2529 | D:3      | 2529 ||| READING scroll labelled FOSAMAT SUGOP.
  2530 | D:3      | 2530 ||| DRINKING 2 metallic silvery potions.
  2531 | D:3      | 2531 ||| DROPPING potion of brilliance.
  2547 | D:4      | 2547 ||| PLANNING OSSUARY
  2625 | D:4      | Reached skill level 7 in Ranged Weapons
  2720 | D:4      | Found Net Joky's Assorted Antiques.
  2732 | D:4      | 2732 ||| BUYING 2 lumpy sapphire potions (52 gold).
  2732 | D:4      | Bought 2 lumpy sapphire potions for 52 gold pieces
  2732 | D:4      | 2732 ||| BUYING 2 scrolls labelled CIEPOXZ ASCHA (58 gold).
  2732 | D:4      | Bought 2 scrolls labelled CIEPOXZ ASCHA for 58 gold pieces
  2732 | D:4      | 2732 ||| SHOPLISTING cloak (130 gold, have 99).
  2732 | D:4      | 2732 ||| BUYING grey potion (26 gold).
  2732 | D:4      | Bought a grey potion for 26 gold pieces
  2732 | D:4      | 2732 ||| BUYING lumpy sapphire potion (26 gold).
  2732 | D:4      | Bought a lumpy sapphire potion for 26 gold pieces
  2732 | D:4      | 2732 ||| SHOPLISTING pair of runed boots (217 gold, have
                  | 47).
  2732 | D:4      | 2732 ||| BUYING scroll labelled CIEPOXZ ASCHA (29 gold).
  2732 | D:4      | Bought a scroll labelled CIEPOXZ ASCHA for 29 gold pieces
  2732 | D:4      | 2732 ||| SHOPLISTING scroll labelled NYNAGR ACIT (29 gold,
                  | have 18).
  2758 | D:4      | 2758 ||| FLEEEEING.
  2759 | D:4      | 2759 ||| FLEEEEING.
  2764 | D:4      | Reached XP level 7. HP: 40/43 MP: 7/7
  2863 | D:4      | Found a hide-covered altar of Uskayaw.
  2869 | D:4      | Found a hazy altar of Hepliaklqana.
  3148 | D:4      | 3148 ||| RIP OSSUARY
  3149 | D:4      | 3149 ||| PLANNING D:1-11
  3392 | D:4      | 3392 ||| UPGRADING to +2 pair of boots.
  3402 | D:4      | 3402 ||| DROPPING +0 pair of boots.
  3403 | D:4      | 3403 ||| DROPPING +6 ring of intelligence.
  3404 | D:4      | 3404 ||| READING 3 scrolls labelled CIEPOXZ ASCHA.
  3405 | D:4      | 3405 ||| READING scroll labelled GAEPSOSILI.
  3406 | D:4      | 3406 ||| DRINKING 2 ruby potions.
  3407 | D:4      | 3407 ||| DRINKING 4 lumpy sapphire potions.
  3408 | D:4      | 3408 ||| DRINKING 5 emerald potions.
  3409 | D:4      | 3409 ||| DRINKING 3 potions of curing.
  3409 | D:4      | 3409 ||| (to cure confusion)
  3410 | D:4      | 3410 ||| READING 2 scrolls of identify.
  3410 | D:4      | 3410 ||| IDENTIFYING grey potion
  3411 | D:4      | 3411 ||| DROPPING 4 potions of ambrosia.
  3421 | D:5      | Entered Level 5 of the Dungeon
  3443 | D:5      | Noticed Edmund
  3444 | D:5      | 3444 ||| Stepping ~*~*~tactically~*~*~ (retreating).
  3445 | D:5      | 3445 ||| Stepping ~*~*~tactically~*~*~ (retreating).
  3446 | D:5      | 3446 ||| Stepping ~*~*~tactically~*~*~ (retreating).
  3447 | D:5      | 3447 ||| Stepping ~*~*~tactically~*~*~ (retreating).
  3448 | D:5      | 3448 ||| Stepping ~*~*~tactically~*~*~ (retreating).
  3449 | D:5      | 3449 ||| Stepping ~*~*~tactically~*~*~ (retreating).
  3450 | D:5      | 3450 ||| Stepping ~*~*~tactically~*~*~ (retreating).
  3455 | D:5      | Reached skill level 8 in Ranged Weapons
  3467 | D:5      | HP: 9/43 [Edmund/+1 flail of protection (9)]
  3468 | D:5      | 3468 ||| DRINKING potion of heal wounds.
  3491 | D:5      | HP: 7/43 [Edmund/+1 flail of protection (5)]
  3500 | D:5      | Slain by Edmund

Levels and vault maps discovered:
D:1:      sevenhm_arrival_forest_fort_small_5, layout_basic, minivault_5
D:2:      layout_basic, uniq_robin, uniq_crazy_yiuf_cottage, uniq_jessica
D:3:      layout_basic, nzn_wu_jian_council_hall, old_standard_altar, uniq_ijyb,
          uniq_natasha
D:4:      layout_gridville, mainiacjoe_overflow_large_starburst, serial_shops,
          nicolae_shop_getting_attention, nicolae_ossuary_entry_plus,
          minmay_diced_spiral
D:5:      layout_rooms, hellmonk_no_cap, uniq_sigmund, uniq_edmund

Skill      XL: |  1  2  3  4  5  6  7 |
---------------+----------------------+-----
Ranged Weapons | 5 6 7 8 |  8.2
Fighting       | 3 4 |  4.0
Armour         | 1 |  1.5
Dodging        | |  1.5
Stealth        | |  1.1

Action                     |  1- 3 |  4- 6 |  7- 9 || total
---------------------------+-------+-------+-------++-------
   Fire: Shortbow          |    77 |   212 |   135 ||   424
    Use: Scroll            |     6 |     1 |     3 ||    10
         Potion            |       |     1 |     5 ||     6
 Armour: Leather armour    |    13 |   115 |   114 ||   242
  Dodge: Dodged            |    12 |    93 |    84 ||   189

Table legend:
 A = Non-vault XP
 B = Vault XP
 C = Vault XP percentage of total XP
 D = Non-vault monster count
 E = Vault monster count
 F = Vault count percentage of total count
                 A         B        C        D         E       F
            +---------+---------+-------+---------+---------+-------
      Total |     768 |     188 |  19.7 |      71 |      15 |  17.4
            +---------+---------+-------+---------+---------+-------
        D:1 |      23 |       2 |   8.0 |      11 |       1 |   8.3
        D:2 |      53 |      65 |  55.1 |      17 |       9 |  34.6
        D:3 |     187 |      72 |  27.8 |      21 |       2 |   8.7
        D:4 |     391 |      49 |  11.1 |      19 |       3 |  13.6
        D:5 |     114 |       0 |   0.0 |       3 |       0 |   0.0
            +---------+---------+-------+---------+---------+-------
